 Dungeon Crawl Stone Soup version 0.19.1-1-g22dce08 (webtiles) character file.

65 Ponchio the Magician (level 3, -1/19 HPs)
             Began as a Deep Elf Fire Elementalist on Jan 5, 2017.
             Slain by a jackal (2 damage)
             ... on level 1 of the Dungeon.
             The game lasted 00:06:45 (1463 turns).

Ponchio the Magician (Deep Elf Fire Elementalist)   Turns: 1463, Time: 00:06:45

Health: -1/19      AC:  3    Str:  5    XL:     3   Next: 94%
Magic:  11/12      EV: 13    Int: 20    God:
Gold:   22         SH:  0    Dex: 15    Spells: 1 memorised, 12 levels left

rFire  . . .     SeeInvis .     d - +0 dagger
rCold  . . .     Gourm    .     a - +0 robe
rNeg   . . .     Faith    .     (no shield)
rPois  .         Spirit   .     (no helmet)
rElec  .         Reflect  .     (no cloak)
rCorr  .         Harm     .     j - +0 pair of gloves
MR     .....                    (no boots)
Stlth  ++........               (no amulet)
                                (no ring)
                                (no ring)

@: no status effects
A: no striking features
a: no special abilities


You were on level 1 of the Dungeon.
You were hungry.

You visited 1 branch of the dungeon, and saw 2 of its levels.

You collected 22 gold pieces.

Inventory:

Hand Weapons
 d - a +0 dagger (weapon)
Armour
 a - a +0 robe (worn)
 j - a +0 pair of gloves (worn)
Jewellery
 h - an uncursed amulet of guardian spirit {unknown}
 i - a cursed ring of see invisible {unknown}
Scrolls
 e - 3 scrolls of identify {unknown}
 f - a scroll of noise {unknown}
 k - a scroll of remove curse {unknown}
Potions
 g - a potion of flight {unknown}
Books
 b - a book of Flames

   Spells                             Type                      Level
   a - Flame Tongue                   Conjuration/Fire             1
   b - Throw Flame                    Conjuration/Fire             2
   c - Conjure Flame                  Conjuration/Fire             3
   d - Inner Flame                    Hexes/Fire                   3
   e - Sticky Flame                   Conjuration/Fire             4
   f - Fireball                       Conjuration/Fire             5
Comestibles
 c - a bread ration


   Skills:
 - Level 2.4 Dodging
 - Level 2.5 Stealth
 + Level 5.5 Spellcasting
 - Level 1.1 Conjurations
 - Level 3.5 Fire Magic


You had 12 spell levels left.
You knew the following spells:

 Your Spells              Type           Power        Failure   Level  Hunger
a - Flame Tongue          Conj/Fire      ##...        4%          1    None


Dungeon Overview and Level Annotations

Branches:
Dungeon (2/15)

Altars:

Annotations:
D:2 Natasha


Message History

The jackal is moderately wounded.
The jackal bites you but does no damage.
The jackal barely misses you. The jackal closely misses you.
You closely miss the jackal.
The jackal is moderately wounded.
The jackal barely misses you. x2; The jackal misses you.
You miss the jackal.
The jackal is moderately wounded.
The jackal bites you.
* * * LOW HITPOINT WARNING * * *
The jackal bites you but does no damage. x2
Casting: Flame Tongue
Confirm with . or Enter, or press ? or * to list all spells.
Aiming: Flame Tongue
Press: ? - help, Shift-Dir - straight line, f - jackal
Aim: a jackal The flame tongue hits the jackal.
You kill the jackal!
The jackal bites you.
You die...

............###.## #.#.8.
######...........# #.#...
#.###..###.)# #.###. #.# #..#
#..###########...(. #.#
#..###............#####. #.#
#.........####.......... #.#
#.#####.#.# #.###..####
##.###.†....†#.####.###.>.###
#####..........)@h)..##.##.....##
............###..#.#.##.#.......#
#####..####.# #..#.#.............
#..# ##.###..#.####.#.......#
#..###...##..#.####.##......#
#............#............#.#
#(####...##.#######.......... #.#
##.###...............#.# #.# #.#
###############.#..


You could see a jackal.

Vanquished Creatures
  An adder (D:2)
  An ooze (D:2)
  2 worms (D:2)
  2 dart slugs (D:1)
  4 leopard geckos
  6 bats
  2 giant cockroaches (D:1)
  4 hobgoblins
  4 jackals
  5 kobolds
  3 ball pythons
  2 frilled lizards (D:1)
  A goblin (D:1)
  3 rats (D:1)
40 creatures vanquished.

Notes
Turn   | Place    | Note
-------+----------+-------------------------------------------
     0 | D:1      | Ponchio the Deep Elf Fire Elementalist began the quest for the Orb.
     0 | D:1      | Reached XP level 1. HP: 10/10 MP: 6/6
   179 | D:1      | Reached XP level 2. HP: 15/15 MP: 5/8
   273 | D:1      | Reached skill level 4 in Spellcasting
   571 | D:1      | Reached XP level 3. HP: 16/19 MP: 6/10
   815 | D:2      | Reached skill level 5 in Spellcasting
  1202 | D:2      | Noticed Natasha
  1463 | D:1      | Slain by a jackal

Skill      XL: |  1  2  3 |
---------------+----------+-----
Spellcasting   | 4 5 |  5.5
Dodging        | |  2.4
Stealth        | |  2.5
Conjurations   | |  1.1
Fire Magic     | |  3.5

Action                   || total
-------------------------++-------
Melee: Dagger            ||    22
       Unarmed           ||     1
 Cast: Flame Tongue      ||    72
  Eat: Chunk             ||     1
Armor: Robe              ||    24
Dodge: Dodged            ||    65
